AoeStats
← DavidFe

Fortress

510184486Analyzed
3v3 RM · 1d ago on Sep 29, 2026· 43m 11s· 6 players
Game mode
Random Map
Map size
Large (8 player)
Population
200
Speed
Normal
Resources
Standard
Victory
Conquest
Starting age
Dark Age
Ending age
Imperial Age
RankedLock teamsTeams togetherTeam positionsShared explorationLock speedFull tech treeHidden civsTurbo modeCheats
Victory
Defeat
🇪🇸 Persians · Spain
921
+17
🇧🇷 Mongols · Brazil
911
+17
🇪🇸 Italians · Spain
854
+19
🇹🇷 Turks · Türkiye
983
-20
🇹🇷 Hindustanis · Türkiye
965
-19
🇩🇰 Inca · Denmark
850
-38
Hooks
3:38 Loom
7:59 Feudal Age
8:27 Double-Bit Axe
8:39 Gold Mining
14:15 Castle Age
13:39 Fletching
13:51 Padded Archer Armor
16:23 Bow Saw
17:22 Horse Collar
19:24 Caravan
21:04 Heavy Plow
21:16 Scale Barding Armor
21:23 Forging
22:13 Ballistics
26:57 Imperial Age
25:06 Wheelbarrow
27:59 Gold Shaft Mining
27:48 Hand Cart
27:59 Conscription
29:05 Leather Archer Armor
28:46 Bodkin Arrow
30:26 Capped Ram
31:14 Bracer
31:51 Iron Casting
33:35 Siege Ram
35:09 Drill
37:54 Chemistry
37:18 Chain Barding Armor
39:15 Elite Mangudai
43:14 Blast Furnace
DavidFe
8:44 Feudal Age
13:28 Castle Age
11:22 Double-Bit Axe
12:03 Gold Mining
15:07 Bow Saw
17:20 Wheelbarrow
16:38 Horse Collar
21:17 Hand Cart
21:30 Heavy Plow
26:54 Imperial Age
24:34 Scale Mail Armor
25:03 Squires
27:11 Chain Mail Armor
27:07 Forging
28:30 Plate Mail Armor
27:56 Arson
28:38 Conscription
29:02 Crop Rotation
29:50 Two-Man Saw
29:04 Stone Mining
35:50 Iron Casting
42:36 Blast Furnace
Karlos
8:48 Feudal Age
12:19 Castle Age
10:11 Double-Bit Axe
13:42 Bow Saw
13:49 Horse Collar
15:58 Wheelbarrow
18:33 Heavy Plow
20:22 Hand Cart
25:02 Imperial Age
23:39 Gold Mining
23:40 Stone Mining
25:33 Stone Shaft Mining
25:33 Gold Shaft Mining
25:13 Scale Mail Armor
25:23 Forging
25:14 Padded Archer Armor
25:05 Fletching
25:39 Scale Barding Armor
25:53 Elite Skirmisher
27:31 Iron Casting
33:18 Chain Barding Armor
33:59 Blast Furnace
34:13 Two-Man Saw
34:42 Thumb Ring
34:54 Leather Archer Armor
34:35 Bodkin Arrow
35:33 Crop Rotation
36:14 Ballistics
35:48 Elite War Elephant
37:40 Plate Barding Armor
37:37 Ring Archer Armor
solid_mat21
9:39 Feudal Age
11:07 Wheelbarrow
10:19 Horse Collar
10:25 Double-Bit Axe
10:31 Gold Mining
10:32 Stone Mining
16:39 Castle Age
17:40 Champi Runner
19:35 Hand Cart
20:02 Gold Shaft Mining
19:02 Pikeman
22:26 Coinage
22:42 Forging
22:32 Scale Mail Armor
22:59 Bow Saw
23:16 Heavy Plow
24:52 Champi Warrior
25:35 Squires
30:46 Imperial Age
29:57 Iron Casting
30:19 Scale Mail Armor
30:40 Caravan
30:39 Fletching
33:31 Banking
34:28 Elite Kamayuk
ugurcena91
0:33 Loom
7:41 Feudal Age
9:28 Wheelbarrow
8:53 Double-Bit Axe
13:34 Castle Age
15:13 Bow Saw
14:45 Horse Collar
15:25 Hand Cart
15:13 Town Watch
17:44 Stone Mining
23:07 Ballistics
22:52 Town Patrol
23:38 Stone Shaft Mining
23:10 Grand Trunk Road
27:53 Imperial Age
26:40 Fletching
26:51 Padded Archer Armor
27:48 Masonry
27:37 Bodkin Arrow
27:53 Heavy Plow
29:35 Chemistry
29:43 Two-Man Saw
28:50 Bracer
28:59 Gold Mining
31:35 Gold Shaft Mining
31:22 Leather Archer Armor
32:23 Murder Holes
34:49 Ring Archer Armor
35:20 Elite Skirmisher
36:06 Shatagni
Cerrahpaşalı Halit
5:28 Feudal Age
14:53 Castle Age
13:45 Double-Bit Axe
13:41 Horse Collar
16:46 Loom
17:25 Heavy Plow
26:58 Imperial Age
27:04 Wheelbarrow
26:48 Padded Archer Armor
26:38 Fletching
26:55 Scale Barding Armor
27:01 Forging
27:01 Elite Janissary
28:01 Conscription
29:47 Chain Barding Armor
29:42 Leather Archer Armor
29:23 Bodkin Arrow
30:36 Ballistics
31:08 Hand Cart
32:30 Plate Barding Armor
32:30 Iron Casting
31:32 Heavy Camel Rider
34:30 Bloodlines
35:15 Caravan
36:58 Blast Furnace
36:24 Husbandry
Connection lost

Rejoining the realm…

Still unreachable

The connection could not be restored.

Session expired

The server has moved on; the page needs a fresh start.